 Dungeon Crawl Stone Soup version 0.28.0-61-g67df4f89a8 (webtiles) character file.

Game seed: 1156958882011879993

882 AarnesTheHuman the Skirmisher (level 8, -19/71 HPs)
             Began as a Hill Orc Fighter on Feb 14, 2023.
             Demolished by an ogre
             ... wielding a +0 giant spiked club
              (20 damage)
             ... on level 5 of the Dungeon.
             The game lasted 00:05:15 (4149 turns).

AarnesTheHuman the Skirmisher (Hill Orc Fighter)    Turns: 4149, Time: 00:05:15

Health: -19/71     AC: 15    Str: 21    XL:     8   Next: 5%
Magic:  8/8        EV:  3    Int:  8    God:
Gold:   130        SH:  0    Dex: 22    Spells: 7/7 levels left

rFire   . . .      SeeInvis .   a - +1 war axe
rCold   . . .      Faith    .   c - +0 buckler
rNeg    . . .      Spirit   .   i - +0 plate armour
rPois   .          Reflect  .   r - +0 helmet
rElec   .          Harm     .   (no cloak)
rCorr   .          Rampage  .   (no gloves)
Will    .....                   p - +0 pair of boots
Stlth   ..........              (no amulet)
HPRegen 0.21/turn               h - +6 ring of dexterity
MPRegen 0.11/turn               q - +6 ring of dexterity

@: lit by a corona, held, glowing, studying Ice Magic
A: no striking features
a: no special abilities


You were on level 5 of the Dungeon.
You visited 1 branch of the dungeon, and saw 5 of its levels.

You collected 130 gold pieces.

Inventory:

Hand Weapons
 a - a +1 war axe (weapon)
 b - a +0 hunting sling
Missiles
 e - 86 stones (quivered)
 s - 6 boomerangs
Armour
 c - a +0 buckler (worn)
 i - a +0 plate armour (worn)
 n - a +1 scale mail
 p - a +0 pair of boots (worn)
 r - a +0 helmet (worn)
Jewellery
 d - an amulet of faith
 h - a +6 ring of dexterity (left hand)
 q - a +6 ring of dexterity (right hand)
Scrolls
 g - a scroll of identify
Potions
 f - a potion of mutation
 m - 3 potions of curing
 t - 2 potions of magic


   Skills:
 + Level 6.4 Fighting
 + Level 6.4 Axes
 + Level 5.8 Armour
 + Level 5.8 Shields


You had 7 spell levels left.
You didn't know any spells.
Your spell library was empty.

Dungeon Overview and Level Annotations

Branches:
Dungeon (5/15)
 Temple: D:4-7

Altars:

Annotations:
D:4 Sigmund


Message History

You start resting.
HP restored.
You climb downwards.
You hear the sound of rushing water.
There is an entrance to a sewer on this level.
Hurry and find it before the portal rusts away!
You hear the brisk rusting of a drain nearby.
The gnoll shaman shouts!
The ogre barely misses you.
The gnoll shaman mumbles some strange prayers to its god against you.
You are outlined in light.
There is a stone staircase leading up, spattered with blood here.
The ogre hits you with a +0 giant spiked club!
You see here a +0 flail.
You slash the ogre!
The ogre is heavily wounded.
The gnoll throws a throwing net.
The throwing net hits you.
You become entangled in the net!
The ogre hits you with a +0 giant spiked club!!
You struggle against the net.
The ogre hits you but does no damage.
You struggle against the net.
The gnoll hits you but does no damage.
You shred the net and break free! You block the ogre's attack.
You slash the ogre!
The ogre is severely wounded.
You hit the gnoll shaman but do no damage.
The ogre hits you with a +0 giant spiked club.
The gnoll shaman hits you but does no damage.
The gnoll throws a throwing net.
The throwing net hits you.
You become entangled in the net!
The ogre hits you with a +0 giant spiked club!
There is a stone staircase leading up, spattered with blood here.
You see here a throwing net.
You struggle against the net.
The ogre hits you with a +0 giant spiked club!!
* * * LOW HITPOINT WARNING * * *
The gnoll shaman hits you but does no damage.
You struggle against the net.
The gnoll shaman hits you but does no damage.
You struggle against the net.
The ogre hits you with a +0 giant spiked club!!
You die...

..........#
..........
.......... ##
......... ..##
......... .!...
........##..##.
#.....|......>.
#....)@(......
#....ggO......
#.............
....g..........
##.............
...........?...
...............
...............
...............


You could see an ogre, a gnoll shaman and 2 gnolls.

Vanquished Creatures
  Grinder (D:4)
  2 black bears (D:4)
  A scorpion (D:5)
  A hound (D:4)
  Jessica (D:3)
  An iguana (D:4)
  Natasha (thrice) (D:2)
  A bullfrog skeleton (D:5)
  A hound zombie (D:5)
  Robin (D:3)
  7 gnolls
  7 adders
  2 worms (D:4)
  A dart slug (D:3)
  2 orcs
  4 ball pythons
  5 bats
  4 endoplasms
  A giant cockroach (D:4)
  16 goblins
  5 hobgoblins
  10 jackals
  6 kobolds
  5 quokkas
  3 frilled lizards (D:1)
  11 rats
102 creatures vanquished.

Notes
Turn   | Place    | Note
-------+----------+-------------------------------------------
     0 | D:1      | AarnesTheHuman the Hill Orc Fighter began the quest for the
                  | Orb.
     0 | D:1      | Reached XP level 1. HP: 19/19 MP: 1/1
   133 | D:1      | Reached XP level 2. HP: 27/27 MP: 2/2
   767 | D:2      | Reached XP level 3. HP: 27/33 MP: 3/3
   976 | D:2      | Noticed Natasha
   991 | D:2      | Killed Natasha
   992 | D:2      | Reached XP level 4. HP: 8/41 MP: 4/4
  1342 | D:2      | Noticed Natasha
  1350 | D:2      | Killed Natasha
  1405 | D:2      | Noticed Natasha
  1414 | D:2      | Killed Natasha
  1415 | D:2      | Reached XP level 5. HP: 38/47 MP: 5/5
  1475 | D:2      | You fall into a shaft and drop 1 floor!
  1590 | D:3      | Noticed Robin
  1606 | D:3      | HP: 2/47 [gnoll/+0 whip (8)]
  1677 | D:3      | Found a faded altar of an unknown god.
  2196 | D:3      | Noticed Jessica
  2205 | D:3      | Killed Jessica
  2206 | D:3      | Reached skill level 5 in Fighting
  2393 | D:3      | Reached XP level 6. HP: 56/56 MP: 6/6
  2696 | D:3      | Killed Robin
  3169 | D:4      | Noticed Sigmund
  3298 | D:4      | Noticed Grinder
  3311 | D:4      | Paralysed by Grinder for 2 turns
  3313 | D:4      | Killed Grinder
  3314 | D:4      | Reached skill level 5 in Axes
  3314 | D:4      | Reached skill level 5 in Armour
  3314 | D:4      | Reached skill level 5 in Shields
  3314 | D:4      | Reached XP level 7. HP: 42/62 MP: 7/7
  3775 | D:5      | Entered Level 5 of the Dungeon
  3895 | D:5      | Reached XP level 8. HP: 30/71 MP: 8/8
  4147 | D:5      | HP: 1/71 [ogre/+0 giant spiked club (22)]
  4149 | D:5      | Demolished by an ogre

Illustrated notes

Levels and vault maps discovered:
D:1:      dpeg_arrival_tiny_b, layout_loops_ring, minmay_splitting_lines,
          roderic_serpentine_path, minmay_misc_feat_plants,
          minmay_misc_feat_alley, chequers_garden
D:2:      layout_rooms, uniq_natasha
D:3:      layout_basic, ebering_ecumenical_altar_webs, amethyst_killhole,
          minmay_tree_intersection, uniq_robin, uniq_jessica
D:4:      layout_loops_cross, minmay_manual_mail, uniq_grinder, uniq_sigmund
D:5:      layout_rooms, gup_sewer_entry_bowl

Skill      XL: |  1  2  3  4  5  6  7 |
---------------+----------------------+-----
Axes           | 3 4 5 6 |  6.4
Fighting       | 4 5 6 |  6.4
Armour         | 4 5 |  5.8
Shields        | 4 5 |  5.8

Action                   |  1- 3 |  4- 6 |  7- 9 || total
-------------------------+-------+-------+-------++-------
Melee: War axe           |    76 |   144 |    58 ||   278
 Fire: Hunting sling     |       |       |     1 ||     1
Throw: Stone             |       |       |     1 ||     1
  Use: Potion            |       |     2 |       ||     2
       Scroll            |       |     7 |       ||     7
Armor: Scale mail        |    37 |   122 |    18 ||   177
       Plate armour      |       |       |    35 ||    35
Dodge: Dodged            |    49 |    97 |    34 ||   180
Block: Buckler           |    28 |    66 |    33 ||   127
